AoeStats
← murazar

MegaRandom

508773357Analyzed
2v2 RM · 8d ago on Sep 24, 2026· 36m 41s· 4 players
Game mode
Random Map
Map size
Medium (4 player)
Population
200
Speed
Normal
Resources
Standard
Victory
Conquest
Starting age
Dark Age
Ending age
Imperial Age
RankedLock teamsTeams togetherTeam positionsShared explorationLock speedFull tech treeHidden civsTurbo modeCheats
Victory
Defeat
🇺🇸 Celts · United States
1047
+13
🇺🇸 Slavs · United States
1046
+13
🇺🇸 Mongols · United States
1017
-15
🇲🇽 Varangians · Mexico
936
-31
theodb
3:52 Loom
10:02 Feudal Age
12:09 Wheelbarrow
12:27 Forging
16:54 Scale Barding Armor
18:53 Double-Bit Axe
18:52 Horse Collar
23:53 Castle Age
25:29 Husbandry
25:41 Bloodlines
25:32 Light Cavalry
27:18 Chain Barding Armor
27:35 Gold Mining
31:16 Hand Cart
32:53 Iron Casting
32:08 Town Watch
38:12 Imperial Age
Vontrailop
7:36 Loom
10:05 Feudal Age
11:28 Double-Bit Axe
11:49 Horse Collar
15:45 Town Watch
18:38 Castle Age
23:21 Wheelbarrow
22:44 Town Watch
25:55 Gambesons
26:32 Stone Mining
27:02 Bow Saw
28:29 Hand Cart
29:00 Squires
28:45 Arson
29:14 Scale Mail Armor
murazar
3:51 Loom
12:01 Feudal Age
17:40 Castle Age
20:13 Squires
21:02 Horse Collar
22:53 Double-Bit Axe
30:49 Bow Saw
30:58 Pikeman
Keltscheesegrater
5:11 Loom
11:21 Feudal Age
11:23 Man-at-Arms
13:06 Forging
13:28 Scale Mail Armor
13:55 Horse Collar
14:07 Double-Bit Axe
14:35 Arson
15:15 Horse Collar
18:38 Gold Mining
18:42 Stone Mining
23:47 Castle Age
21:40 Gold Mining
21:41 Stone Mining
22:56 Fletching
23:53 Long Swordsman
24:51 Chain Mail Armor
25:40 Wheelbarrow
25:24 Bow Saw
25:15 Heavy Plow
25:03 Gambesons
26:44 Pikeman
27:26 Town Watch
33:16 Hand Cart
34:07 Iron Casting
37:11 Town Patrol
Connection lost

Rejoining the realm…

Still unreachable

The connection could not be restored.

Session expired

The server has moved on; the page needs a fresh start.